 Dungeon Crawl Stone Soup version 0.18.1-5-g4a78601 (webtiles) character file.

20291 RKaid the Basher (level 12, -4/99 HPs)
             Began as a Demonspawn Artificer on May 7, 2016.
             Was an Elder of Pakellas.
             Slain by a komodo dragon (22 damage)
             ... on level 3 of the Lair of Beasts on May 12, 2016.
             The game lasted 01:08:26 (21114 turns).

RKaid the Basher (Demonspawn Artificer)            Turns: 21114, Time: 01:08:26

Health: -4/99      AC: 18    Str: 20    XL:     12   Next: 44%
Magic:  0/19       EV: 11    Int: 22    God:    Pakellas [****..]
Gold:   536        SH:  0    Dex: 17    Spells: 0 memorised, 11 levels left

rFire  . . .     SeeInvis .     a - +1 morningstar
rCold  . . .     Gourm    .     L - +0 chain mail
rNeg   . . .     Faith    .     (no shield)
rPois  .         Spirit   +     (helmet restricted)
rElec  .         Dismiss  .     r - +0 cloak
rCorr  .         Reflect  .     (no gloves)
SustAt .         Harm     .     (no boots)
MR     .....                    y - amulet of Riqac {+Rage +Inv Int+8}
Stlth  ..........               A - +5 ring of strength
                                h - +4 ring of dexterity

@: not resistant to hostile enchantments, extremely unstealthy
A: antennae 2, rough black scales 2, demonic guardian 1, magic shield
a: Quick Charge, Device Surge, Renounce Religion, Evoke Berserk Rage, Evoke
Invisibility


You were on level 3 of the Lair of Beasts.
You worshipped Pakellas.
Pakellas was greatly pleased with you.
You were not hungry.

You visited 3 branches of the dungeon, and saw 14 of its levels.
You also visited: Sewer.

You collected 536 gold pieces.

Inventory:

Hand Weapons
 a - a +1 morningstar (weapon)
   (You found it on level 3 of the Dungeon)
Missiles
 q - 24 tomahawks
 M - 6 tomahawks of dispersal {=f}
 Q - 3 steel tomahawks (quivered)
Armour
 r - a +0 cloak (worn)
   (You found it on level 5 of the Dungeon)
 L - a +0 chain mail (worn)
   (You found it on level 8 of the Dungeon)
Jewellery
 h - a +4 ring of dexterity (left hand)
   (You found it on level 3 of the Dungeon)
 v - an uncursed ring of positive energy {rN+}
   (You found it on level 5 of the Dungeon)
 x - an uncursed ring of fire {rF+, rC-}
   (You found it on level 3 of the Dungeon)
 y - the amulet of Riqac (around neck) {+Rage +Inv Int+8}
   (You found it on level 1 of the Lair of Beasts)

   [amulet of rage]

   It affects your intelligence (+8).
   It lets you turn invisible.
   It lets you go berserk.
 A - a +5 ring of strength (right hand)
   (You found it on level 6 of the Dungeon)
 I - an uncursed ring of see invisible {sInv, !d}
   (You found it on level 3 of the Lair of Beasts)
Wands
 b - a wand of iceblast (11/15)
   (Pakellas gifted it to you on level 1 of the Lair of Beasts)
 d - a wand of enslavement (10/24)
 e - a wand of random effects (12/48)
 l - a wand of paralysis (12/24)
   (You found it on level 1 of the Lair of Beasts)
 n - a wand of lightning (8/15)
   (You found it on level 1 of the Lair of Beasts)
 t - a wand of digging (13/24)
   (You found it on level 9 of the Dungeon)
 E - a wand of iceblast (5/15)
   (You found it on level 2 of the Lair of Beasts)
 R - a wand of polymorph (15/24)
   (You found it on level 8 of the Dungeon)
 T - a wand of flame (31/48)
   (You found it on level 8 of the Dungeon)
 V - a wand of acid (4/15)
   (You found it on level 8 of the Dungeon)
 W - a wand of slowing (28/48)
   (Pakellas gifted it to you on level 9 of the Dungeon)
Scrolls
 c - a scroll of blinking {!r}
 k - 5 scrolls of remove curse
 B - 2 scrolls of magic mapping {!r}
 D - 5 scrolls of teleportation
 H - a scroll of recharging
Potions
 i - a potion of resistance
 m - a potion of ambrosia
 p - 3 potions of mutation {!q}
 u - 2 potions of berserk rage {unknown}
 w - a potion of beneficial mutation {unknown}
 z - 3 potions of brilliance {unknown}
 C - 2 potions of magic
 F - a potion of heal wounds
 G - 2 potions of might
 J - 3 potions of lignification {!q}
 O - 2 potions of cure mutation {unknown}
 S - 2 potions of agility {unknown}
 U - a potion of curing
Miscellaneous
 g - a phantom mirror
 j - a fan of gales
   (Pakellas gifted it to you on level 2 of the Lair of Beasts)
 o - a plain deck of changes
   (You found it on level 10 of the Dungeon)
 N - a disc of storms
   (You found it on level 2 of the Lair of Beasts)
Comestibles
 f - 9 bread rations
 s - 11 meat rations
 K - 2 chunks of flesh


   Skills:
 + Level 10.7 Fighting
   Level 1.4 Short Blades
 - Level 11.8 Maces & Flails
 - Level 3.0 Throwing
 - Level 5.0 Armour
 + Level 5.7 Dodging
 - Level 0.8 Stealth
 + Level 10.1 Evocations


You had 11 spell levels left.
You didn't know any spells.

Dungeon Overview and Level Annotations

Branches:
Dungeon (10/15)            Temple (1/1) D:7            Lair (3/8) D:10
 Shoals (0/4) Lair:3
  Snake: Lair:3-6    Spider: Lair:3-6       Orc: D:9-12

Altars:
Ashenzari
Cheibriados
Dithmenos
Elyvilon
Fedhas
Gozag
Kikubaaqudgha
Makhleb
Nemelex Xobeh
Okawaru
Pakellas
Qazlal
Ru
Sif Muna
Trog
Vehumet
Xom
Yredelemnul
Zin
The Shining One

Shops:
D:10 (

Annotations:
D:9 exclusions: centaur and 4 more exclusions


Innate Abilities, Weirdness & Mutations

You have a pair of antennae on your head.
You are mostly covered in rough black scales (AC +7, Dex -2).
A weak demonic guardian rushes to your aid.
When hurt, damage is shared between your health and your magic reserves.


Message History

Your white imp dies!
You catch the helpless spiny frog momentarily off-guard.
You puncture the spiny frog!
You kill the spiny frog!
Pakellas accepts your kill.
You feel your power returning.
You feel very sick.
You feel very sick.
You start resting.
You feel very sick. x5
You feel sick.
You feel very sick.
You feel sick. x25
You are no longer poisoned.
You start resting.
A rime drake comes into view.
A rime drake is nearby!
You start resting.
The teleport trap disappears.
The komodo dragon disappears!
You start resting.
Press: ? - help, v - describe, . - travel
Here: a rime drake Some shallow water.
Put on which piece of jewellery? (? for menu, Esc to quit)
Okay, then.
Your crimson imp barely misses the rime drake.
The rime drake barely misses you.
You closely miss the rime drake.
The rime drake bites you but does no damage.
You hit the rime drake.
Your crimson imp blinks!
The rime drake bites you but does no damage.
You puncture the rime drake!
The rime drake bites you but does no damage.
You impale the rime drake!!
You kill the rime drake!
Pakellas accepts your kill.
You enter the shallow water.
Moving in this stuff is going to be slow.
You see here a rime drake corpse.
You butcher the rime drake corpse.
You hear a splash.
K - 2 chunks of flesh You see here a rime drake skeleton.
You swap places.
Your crimson imp disappears in a puff of smoke!
You now have 536 gold pieces (gained 15).
Your white imp disappears in a puff of smoke!
An electric eel comes into view.
The electric eel shoots out a bolt of lightning at you!
The bolt of electricity hits you! x2
A komodo dragon comes into view.
The komodo dragon hisses angrily.
The electric eel shoots out a bolt of lightning at you!
The bolt of electricity hits the plant.
The bolt of electricity hits you!
You swap places.
Your crimson imp hits the electric eel.
The electric eel shoots out a bolt of lightning at you!
The bolt of electricity hits you!
The komodo dragon bites your crimson imp but does no damage.
Your crimson imp hits the electric eel.
Your crimson imp hits the komodo dragon but does no damage.
The electric eel shoots out a bolt of lightning at you!
The bolt of electricity misses you.
The komodo dragon barely misses your crimson imp.
Your crimson imp barely misses the electric eel.
Your crimson imp blinks!
The electric eel shoots out a bolt of lightning at you!
The bolt of electricity hits you!
Your crimson imp blinks!
You see here a scroll of teleportation.
D - 5 scrolls of teleportation (gained 1)
Your crimson imp disappears in a puff of smoke!
Your crimson imp hits the komodo dragon but does no damage.
Your crimson imp disappears in a puff of smoke!
Your ufetubus barely misses the komodo dragon.
Your ufetubus hits the komodo dragon.
Your iron imp closely misses the komodo dragon.
Your ufetubus hits the komodo dragon. x2
The komodo dragon bites your ufetubus!!
Your ufetubus dies!
Your iron imp barely misses the komodo dragon.
The komodo dragon hisses angrily.
You hit the komodo dragon. The komodo dragon misses you.
You closely miss the komodo dragon. The komodo dragon bites you.
Your iron imp hits the komodo dragon.
You barely miss the komodo dragon. The komodo dragon bites you.
Your iron imp hits the komodo dragon!
You completely miss the komodo dragon. The komodo dragon barely misses you.
You hit the komodo dragon.
Your iron imp barely misses the komodo dragon.
The komodo dragon bites you!!
You sock the komodo dragon! The komodo dragon barely misses you.
Your iron imp completely misses the komodo dragon.
You barely miss the komodo dragon. The komodo dragon bites you!!
* * * LOW HITPOINT WARNING * * *
You closely miss the komodo dragon.
Your iron imp hits the komodo dragon.
The komodo dragon bites you!!
You die...
Pakellas says: That's one more possible approach eliminated.

# P≈≈≈≈≈P≈≈ ....##
.#P#.♣≈P≈≈≈≈≈P≈≈
##P.............≈≈≈P≈≈≈≈≈≈
#P...............≈♣♣≈≈≈≈≈≈
#P......#.#.......♣♣≈≈P≈≈
#.............P....5..♣;≈
##...........P.........≈♣
#......#.....P...........
#......#@.+###.§........#
#......5l...............
######.####.##..##...###
### ############ #


You could see a komodo dragon and a friendly iron imp.

Vanquished Creatures
  3 hydras (Lair:2)
  The ghost of UristMcMason the Hasty, a novice FoFi of Cheibriados (D:7)
  2 centaur zombies (D:10)
  5 spiny frogs
  3 kobold demonologists (D:10)
  A komodo dragon (Lair:2)
  A rime drake (Lair:3)
  A troll (D:9)
  4 blink frogs (Lair:1)
  A hungry ghost (D:10)
  2 hogs (D:7)
  18 yaks
  A human (D:7)
  3 hippogriffs
  5 porcupines
  2 water moccasins
  3 orc warriors
  2 ice beasts (D:7)
  5 sky beasts
  A necrophage (D:7)
  2 phantoms (D:9)
  3 ogres
  5 centaurs
  3 crocodiles
  6 big kobolds
  3 gnoll sergeants
  7 giant frogs
  A wyvern skeleton (D:8)
  A scorpion (D:4)
  4 killer bees (D:7)
  5 howler monkeys
  4 crimson imps
  4 giant frog zombies
  A jelly (D:7)
  3 centaur skeletons
  An orc priest (D:10)
  3 hounds
  5 orc wizards
  3 giant frog skeletons
  7 iguanas
  5 worker ants
  9 sheep
  2 hound zombies
  2 worker ant zombies
  14 adders
  14 gnolls
  25 river rats
  3 shadow imps
  2 oozes
  An adder zombie (D:9)
  2 worms
  3 dart slugs
  5 giant geckos
  25 orcs
  6 giant cockroaches
  6 goblins
  5 hobgoblins
  6 jackals (D:4)
  5 quokkas
  3 ball pythons (Sewer)
  15 bats
  A giant cockroach zombie (D:5)
  A giant gecko zombie (D:5)
  3 giant newts
  24 kobolds
  A quokka skeleton (D:6)
  19 rats
  A fungus (D:10)
343 creatures vanquished.

Vanquished Creatures (collateral kills)
  2 black mambas (Lair:2)
  A spiny frog (Lair:2)
  A crocodile (Lair:2)
  A gnoll (D:3)
5 creatures vanquished.

Vanquished Creatures (others)
  2 gnolls (D:3)
  24 fungi
  12 plants
38 creatures vanquished.

Grand Total: 386 creatures vanquished

Notes
Turn   | Place    | Note
--------------------------------------------------------------
     0 | D:1      | RKaid the Demonspawn Artificer began the quest for the Orb.
     0 | D:1      | Reached XP level 1. HP: 15/15 MP: 3/3
    12 | D:1      | Reached skill level 1 in Short Blades
   177 | D:1      | Gained mutation: You are partially covered in rough black scales (AC +4, Dex -1). [demonic ancestry]
   177 | D:1      | Reached XP level 2. HP: 20/22 MP: 4/4
   616 | D:1      | Reached skill level 2 in Fighting
  1026 | D:2      | Reached skill level 1 in Maces & Flails
  1225 | D:2      | Reached XP level 3. HP: 21/27 MP: 5/5
  1983 | D:2      | HP: 7/28 [poisoned by an adder]
  2355 | D:3      | Noticed Sigmund
  2368 | D:3      | HP: 7/28 [Sigmund/scythe (2)]
  2370 | D:3      | Noticed Sigmund
  2370 | D:3      | Sigmund changed into Sigmund the worm
  2381 | D:3      | Killed Sigmund the worm
  2672 | D:3      | Noticed a sky beast
  2681 | D:3      | HP: 6/28 [sky beast (3)]
  2681 | D:3      | HP: 1/28 [sky beast (5)]
  2763 | D:2      | Reached XP level 4. HP: 15/34 MP: 6/6
  2963 | D:3      | Found a burning altar of Makhleb.
  3125 | D:3      | Reached skill level 3 in Fighting
  3125 | D:3      | Reached skill level 2 in Maces & Flails
  3207 | D:3      | Gained mutation: You have a pair of small antennae on your head. [demonic ancestry]
  3207 | D:3      | Reached XP level 5. HP: 35/41 MP: 7/7
  3594 | D:3      | Found a shadowy altar of Dithmenos.
  3604 | D:3      | Found a glowing golden altar of the Shining One.
  3609 | D:3      | Found a sacrificial altar of Ru.
  4025 | D:3      | Killed a sky beast
  4025 | D:3      | Reached skill level 3 in Maces & Flails
  4025 | D:3      | Reached XP level 6. HP: 46/48 MP: 8/8
  4136 | D:4      | Reached skill level 4 in Fighting
  4228 | D:4      | Reached skill level 4 in Evocations
  4668 | D:4      | Found a deep blue altar of Sif Muna.
  5033 | D:5      | Entered Level 5 of the Dungeon
  5199 | D:5      | Noticed a sky beast
  5208 | D:5      | Killed a sky beast
  5208 | D:5      | Reached skill level 5 in Fighting
  5208 | D:5      | Reached skill level 4 in Maces & Flails
  5208 | D:5      | Reached XP level 7. HP: 56/56 MP: 10/10
  5387 | D:5      | HP: 9/56 [ogre/giant club (11)]
  5544 | D:5      | Found a glowing drain.
  5554 | Sewer    | Entered a sewer
  5801 | Sewer    | Reached skill level 1 in Armour
  5969 | Sewer    | Reached skill level 5 in Maces & Flails
  5969 | Sewer    | Reached skill level 1 in Throwing
  5969 | Sewer    | Gained mutation: You have a pair of antennae on your head. [demonic ancestry]
  5969 | Sewer    | Reached XP level 8. HP: 52/62 MP: 11/11
  6157 | D:5      | Reached skill level 5 in Evocations
  6539 | D:6      | Reached skill level 2 in Armour
  7004 | D:7      | Reached skill level 2 in Throwing
  7244 | D:7      | HP: 7/62 [human/hand axe (9)]
  7260 | D:7      | HP: 12/62 [giant frog (5)]
  7517 | D:7      | Reached skill level 3 in Armour
  7530 | D:7      | HP: 15/62 [poisoned by a killer bee]
  7787 | D:7      | Found a basalt altar of Yredelemnul.
  7807 | D:7      | Reached skill level 3 in Throwing
  7807 | D:7      | Reached skill level 6 in Evocations
  7862 | D:7      | Noticed UristMcMason's ghost (novice FoFi)
  8095 | D:6      | Reached skill level 6 in Maces & Flails
  8385 | D:7      | Gained mutation: You are mostly covered in rough black scales (AC +7, Dex -2). [demonic ancestry]
  8385 | D:7      | Reached XP level 9. HP: 53/66 MP: 13/13
  8791 | D:7      | Found a staircase to the Ecumenical Temple.
  8861 | D:7      | Reached skill level 4 in Armour
  8918 | D:6      | Reached skill level 6 in Fighting
  9036 | D:6      | HP: 9/67 [ogre/giant club (8)]
  9463 | Temple   | Entered the Ecumenical Temple
  9939 | Temple   | Reached skill level 9 in Fighting
  9939 | Temple   | Reached skill level 9 in Maces & Flails
  9939 | Temple   | Reached skill level 4 in Dodging
  9939 | Temple   | Reached XP level 10. HP: 81/81 MP: 14/14
  9950 | D:7      | Killed UristMcMason's ghost
  9950 | D:7      | Reached skill level 5 in Dodging
 11092 | D:8      | Found a basalt altar of Yredelemnul.
 11130 | D:8      | Reached skill level 10 in Fighting
 11148 | D:8      | Found a blossoming altar of Fedhas.
 11151 | D:8      | Found an oddly glowing altar of Pakellas.
 11168 | D:8      | Became a worshipper of Pakellas the Inventive
 12108 | D:9      | Reached skill level 10 in Maces & Flails
 12282 | D:9      | Reached * piety under Pakellas
 12282 | D:9      | Received a gift from Pakellas
 12726 | D:9      | HP: 19/83 [troll (2)]
 12727 | D:9      | Gained mutation: When hurt, damage is shared between your health and your magic reserves. [demonic ancestry]
 12727 | D:9      | Reached XP level 11. HP: 20/88 MP: 7/15
 12733 | D:9      | HP: 19/88 [kobold (2)]
 12746 | D:9      | HP: 21/88 [poisoned by a kobold]
 12753 | D:9      | HP: 19/88 [poisoned by a kobold]
 13363 | D:10     | Entered Level 10 of the Dungeon
 13402 | D:10     | Found an oddly glowing altar of Pakellas.
 13473 | D:10     | Found a staircase to the Lair.
 13482 | D:10     | Reached skill level 7 in Evocations
 13557 | D:10     | Reached ** piety under Pakellas
 13557 | D:10     | Received a gift from Pakellas
 13579 | D:10     | HP: 22/90 [yak (3)]
 14210 | D:10     | Reached skill level 8 in Evocations
 14485 | D:10     | Noticed a sun demon
 14573 | D:10     | Reached skill level 11 in Maces & Flails
 14723 | D:10     | Identified the Guide on Transmutation and Clay
 15130 | D:10     | Found Siw Muis's Weapon Shoppe.
 15411 | Lair:1   | Entered Level 1 of the Lair of Beasts
 15500 | Lair:1   | Reached *** piety under Pakellas
 15500 | Lair:1   | Received a gift from Pakellas
 15724 | Lair:1   | HP: 21/90 [blink frog (5)]
 15738 | Lair:1   | Reached skill level 9 in Evocations
 16796 | Lair:1   | Got a shimmering iron amulet
 16797 | Lair:1   | Identified the amulet of Riqac {+Rage +Inv Int+8} (You found it on level 1 of the Lair of Beasts)
 17171 | Lair:2   | Noticed an eight-headed hydra
 17316 | Lair:1   | Upgraded the game from 0.18.1-1-g2f07953 to 0.18.1-5-g4a78601
 17395 | Lair:2   | Killed an eight-headed hydra
 17395 | Lair:2   | Reached skill level 5 in Armour
 17616 | Lair:2   | Gained mutation: A weak demonic guardian rushes to your aid. [demonic ancestry]
 17616 | Lair:2   | Reached XP level 12. HP: 97/97 MP: 4/18
 18118 | Lair:2   | Noticed a five-headed hydra
 18132 | Lair:2   | Killed a five-headed hydra
 18394 | Lair:2   | Noticed a five-headed hydra
 18398 | Lair:2   | HP: 20/97 [crocodile (6)]
 18403 | Lair:2   | HP: 14/97 [poisoned by a black mamba]
 18408 | Lair:2   | HP: 11/97 [poisoned by a black mamba]
 18413 | Lair:2   | HP: 9/97 [poisoned by a black mamba]
 18418 | Lair:2   | HP: 7/97 [poisoned by a black mamba]
 18424 | Lair:2   | HP: 7/97 [poisoned by a black mamba]
 18432 | Lair:2   | HP: 7/97 [poisoned by a black mamba]
 20101 | Lair:2   | Killed a five-headed hydra
 20104 | Lair:2   | Reached **** piety under Pakellas
 20104 | Lair:2   | Received a gift from Pakellas
 20104 | Lair:2   | Reached skill level 10 in Evocations
 20385 | Lair:3   | Found a staircase to the Shoals.
 20704 | Lair:3   | HP: 23/99 [poisoned by a spiny frog]
 20709 | Lair:3   | HP: 21/99 [poisoned by a spiny frog]
 20714 | Lair:3   | HP: 19/99 [poisoned by a spiny frog]
 20720 | Lair:3   | HP: 17/99 [poisoned by a spiny frog]
 20728 | Lair:3   | HP: 18/99 [poisoned by a spiny frog]
 20736 | Lair:3   | HP: 18/99 [poisoned by a spiny frog]
 21113 | Lair:3   | HP: 18/99 [komodo dragon (20)]
 21114 | Lair:3   | Slain by a komodo dragon

Skill      XL: |  1  2  3  4  5  6  7  8  9 10 11 12 |
---------------+-------------------------------------+-----
Short Blades   | 1 |  1.4
Fighting       | 2 3 5 9 10 | 10.7
Maces & Flails | 1 2 3 4 5 6 9 10 11 | 11.8
Evocations     | 4 6 9 10 | 10.1
Armour         | 1 3 4 5 |  5.0
Throwing       | 1 3 |  3.0
Dodging        | 4 5 |  5.7
Stealth        | |  0.8

Action                   |  1- 3 |  4- 6 |  7- 9 | 10-12 || total
-------------------------+-------+-------+-------+-------++-------
Melee: Short sword       |    35 |       |       |       ||    35
       Mace              |   137 |   125 |       |       ||   262
       Morningstar       |       |    79 |   351 |   893 ||  1323
Throw: Tomahawk          |       |     5 |    35 |    50 ||    90
Invok: Quick Charge      |       |       |       |     1 ||     1
 Abil: Evoke Invisibilit |       |       |       |     1 ||     1
Evoke: Wand              |    10 |     8 |     1 |    22 ||    41
  Use: Potion            |     2 |       |     5 |     3 ||    10
       Scroll            |     1 |     6 |     7 |     6 ||    20
 Stab: Sleeping          |     1 |       |     1 |       ||     2
       Invisible         |       |       |       |     1 ||     1
       Distracted        |       |       |       |     2 ||     2
  Eat: Chunk             |     4 |     6 |     2 |    10 ||    22
       Beef jerky        |     1 |       |     2 |     3 ||     6
       Royal jelly       |       |     1 |       |       ||     1
       Fruit             |       |     1 |       |    15 ||    16
       Bread ration      |       |       |     3 |       ||     3
       Pizza             |       |       |       |     7 ||     7
Armor: Leather armour    |    41 |       |    47 |       ||    88
       Robe              |    42 |       |       |       ||    42
       Ring mail         |     9 |   151 |   174 |    51 ||   385
       Chain mail        |       |       |       |   516 ||   516
       Scale mail        |       |       |       |     3 ||     3
Dodge: Dodged            |   146 |   165 |   259 |   486 ||  1056

Vault maps used:
D:1:      dpeg_arrival_ternary, lemuel_old_faithful
D:2:      first_bread, uniq_robin
D:3:      minitemple, nicolae_overflow_crystal_walls, grunt_ministairs_6,
          uniq_sigmund
D:4:      overflow_temple_1_default
D:5:      gup_sewer_entry_spiral, serial_bayou_pond_e
D:7:      yredelemnul_altar_generic, temple_pool_b, grunt_livestock,
          minmay_unpleasant_kobolds
D:8:      grunt_temple_overflow_open, basic_altar
D:9:      centaur_isle
D:10:     due_lair_maze_entry_diamond, serial_shops, kennysheep_mini_moat,
          basic_altar
Temple:   eino_temple_water_12
Lair:1:   grunt_forest_large_clearings
Lair:3:   elwin_shoals_entry_rocks, serial_bayou, serial_bayou_ford_a,
          serial_bayou_lagoon_a, serial_bayou_shore_a, serial_bayou_crossing,
          serial_bayou_shore_b
Sewer:    sewer_co_15_rooms

Table legend:
 A = Turns spent in this place as a percentage of turns spent in the entire game.
 B = Non-inter-level travel turns spent in this place as a percentage of non-inter-level travel turns spent in the entire game.
 C = Inter-level travel turns spent in this place as a percentage of turns spent in this place.
 D = Turns resting spent in this place as a percentage of non-inter-level travel turns spent in this place.
 E = Turns spent auto-exploring this place as a percentage of non-inter-level travel turns spent in this place.
 F = Non-inter-level travel turns spent in this place divided by the number of levels of this place that you've seen.
                   A       B       C       D       E      F
               +-------+-------+-------+-------+-------+----------------------
         Total | 100.0 | 100.0 |   0.5 |   4.0 |   4.6 | 339.0
       Dungeon |  71.6 |  71.6 |   0.5 |   3.1 |   4.7 | 364.0
        Temple |   1.4 |   1.4 |   0.0 |   5.5 |  13.7 |  73.0
          Lair |  22.4 |  22.4 |   0.5 |   6.5 |   3.4 | 379.0
         Sewer |   4.6 |   4.6 |   0.0 |   4.3 |   4.7 | 235.0
               +-------+-------+-------+-------+-------+----------------------

Table legend:
 A = Kills in this place as a percentage of kills in entire the game.
 B = Kills by you in this place as a percentage of kills by you in the entire game.
 C = Kills by friends in this place as a percentage of kills by friends in the entire game.
 D = Other kills in this place as a percentage of other kills in the entire game.
 E = Experience gained in this place as a percentage of experience gained in the entire game.
 F = Experience gained in this place divided by the number of levels of this place that you have seen.
                   A       B       C       D       E      F
               +-------+-------+-------+-------+-------+----------------------
         Total | 100.0 | 100.0 | 100.0 |  -nan | 100.0 | 1707.9
       Dungeon |  72.6 |  73.4 |  20.0 |  -nan |  51.5 | 1318.1
          Lair |  22.2 |  21.3 |  80.0 |  -nan |  47.6 | 4061.0
         Sewer |   5.2 |   5.3 |   0.0 |  -nan |   1.0 | 255.0
               +-------+-------+-------+-------+-------+----------------------
